 Dungeon Crawl Stone Soup version 0.16-a0-4097-gb4d75fa (webtiles) character file.

105 Chiseanne the Skirmisher (level 4, -2/37 HPs)
             Began as a Mummy Chaos Knight on Feb 25, 2015.
             Slain by a phantom (9 damage)
             ... on level 3 of the Dungeon.
             The game lasted 00:08:08 (2783 turns).

Chiseanne the Skirmisher (Mummy Chaos Knight)       Turns: 2783, Time: 00:08:08

Health: -2/37      AC:  7    Str: 15    XL:     4   Next: 53%
Magic:  4/4        EV: 12    Int: 11    God:    Xom [.*....]
Gold:   145        SH:  0    Dex: 12    Spells: 0 memorised, 3 levels left

rFire  x . .     SeeInvis .     a - +0 falchion (chaos)
rCold  + . .     Clarity  .     b - +2 leather armour
rNeg   + + +     SustAb   .     (no shield)
rPois  ∞         Gourm    .     (no helmet)
rElec  .         Spirit   .     f - +1 cloak
rCorr  .         Warding  .     (no gloves)
rMut   .         Rnd*Tele +     (no boots)
MR     .....                    (no amulet)
Stlth  ++........               m - ring of stealth
                                h - ring of teleportation (curse)

@: not resistant to hostile enchantments, unstealthy
A: no food or potions, fire vulnerability, restore body, cold resistance 1,
negative energy resistance 3, poison resistance, torment resistance, unbreathing
a: Renounce Religion, Evoke Teleportation


You were on level 3 of the Dungeon.
You worshipped Xom.
You were a plaything of Xom.
You were not hungry.

You visited 1 branch of the dungeon, and saw 3 of its levels.

You collected 145 gold pieces.

Inventory:

Hand weapons
 a - a +0 falchion of chaos (weapon)
Missiles
 c - 102 stones (quivered)
 d - 13 sling bullets
 g - 19 arrows
 i - 13 bolts
 n - a throwing net
Armour
 b - a +2 leather armour (worn)
 f - a +1 cloak (worn)
Jewellery
 h - a cursed ring of teleportation (left hand)
 l - an uncursed ring of invisibility
 m - a ring of stealth (right hand)
Magical devices
 j - a wand of heal wounds (0)
 k - a wand of digging (24)
Scrolls
 e - 2 scrolls of identify


   Skills:
 * Level 3.8 Fighting
 - Level 2.4 Long Blades
 * Level 2.6 Armour
 * Level 2.2 Dodging


You had 3 spell levels left.
You didn't know any spells.

Dungeon Overview and Level Annotations

Branches:
Dungeon (3/15)

Altars:
Ashenzari
Dithmenos
The Shining One


Innate Abilities, Weirdness & Mutations

You do not eat or drink.
Your flesh is vulnerable to fire.
Your flesh is cold resistant.
You are immune to negative energy.
Your system is resistant to poisons.
You are immune to unholy pain and torment.
You can survive without breathing.


Message History

The phantom seems to grow stronger.
The phantom hits you.
You hit the phantom but do no damage.
The phantom appears confused.
The phantom is heavily damaged.
The phantom hits you but does no damage.
You hit the phantom but do no damage.
The phantom seems to speed up.
The phantom is heavily damaged.
You catch the helpless phantom completely off-guard!
You hit the phantom.
The phantom seems to slow down.
The phantom is heavily damaged.
The phantom barely misses you.
You barely miss the phantom.
The phantom is heavily damaged. "This might be better!"
The phantom flickers and vanishes!
Deactivating autopickup; reactivate with Ctrl-A.
You closely miss something. Something hits you!
* * * LOW HITPOINT WARNING * * *
A shower of butterflies erupts from you!
You slash something! Something hits you!
You die...

#..#... #..####
#..##.. #..##..
#..##.. #..####
############..# #
#{b...........####
#@##########....##
#.# ####.÷. #b#
########## #.#
#......... #.#
#.######## #.# #.#
# #.# #.# #### #.#
#.# #...
#.#######.#####.##


There were no monsters in sight!

Vanquished Creatures
  Terence (D:3)
  3 adders
  A worm (D:2)
  2 oozes
  An orc (shapeshifter) (D:1)
  4 giant cockroaches
  3 goblins
  9 hobgoblins
  9 kobolds
  2 ball pythons
  11 bats
  A giant newt (D:1)
  10 rats
57 creatures vanquished.

Notes
Turn   | Place    | Note
--------------------------------------------------------------
     0 | D:1      | Chiseanne, the Mummy Chaos Knight, began the quest for the Orb.
     0 | D:1      | Reached XP level 1. HP: 18/18 MP: 1/1
   304 | D:1      | Reached XP level 2. HP: 22/24 MP: 2/2
   308 | D:1      | Found a shattered altar of Ashenzari.
   449 | D:1      | XOM: noise
   744 | D:1      | Reached skill level 1 in Dodging
   983 | D:1      | XOM: silly message
  1077 | D:2      | XOM: mild Erth miscast
  1097 | D:2      | Found a glowing golden altar of the Shining One.
  1108 | D:2      | XOM: divination: magic mapping
  1109 | D:2      | Reached XP level 3. HP: 20/30 MP: 3/3
  1213 | D:2      | XOM: harmless Conj miscast
  1265 | D:2      | XOM: harmless Fire miscast
  1605 | D:2      | XOM: smoke on damage
  1847 | D:2      | Reached XP level 4. HP: 25/37 MP: 4/4
  1980 | D:2      | XOM: divination: detect creatures
  2308 | D:3      | Noticed Terence
  2319 | D:3      | Killed Terence
  2335 | D:3      | Noticed a phantom
  2347 | D:3      | XOM: divination: magic mapping
  2350 | D:3      | XOM: potion effect (invisibility)
  2354 | D:3      | XOM: enchant monster (bad)
  2419 | D:3      | XOM: polymorph kobold -> bat
  2629 | D:3      | Found a shadowy altar of Dithmenos.
  2692 | D:3      | XOM: destruction
  2696 | D:3      | XOM: harmless Trmt miscast
  2776 | D:3      | XOM: enchant monster (bad)
  2781 | D:3      | XOM: enchant monster (bad)
  2782 | D:3      | XOM: butterfly on damage
  2783 | D:3      | Slain by a phantom

Action                   |  1- 3 |  4- 6 || total
-------------------------+-------+-------++-------
Melee: Falchion          |   183 |    78 ||   261
Evoke: Wand              |       |     1 ||     1
  Use: Scroll            |     6 |       ||     6
 Stab: Petrifying        |     2 |       ||     2
       Paralysed         |     2 |       ||     2
       Confused          |       |     1 ||     1
       Invisible         |       |     1 ||     1
